 Dungeon Crawl Stone Soup version 0.28-a0-8-g6e044cfa68 (webtiles) character file.

Game seed: 12583031732950417855

182 Sobieck the Skirmisher (level 5, -5/47 HPs)
             Began as a Ghoul Monk on July 24, 2021.
             Was a Priest of Jiyva.
             Slain by a hornet zombie (10 damage)
             ... on level 3 of the Dungeon.
             The game lasted 00:04:48 (2608 turns).

Sobieck the Skirmisher (Ghoul Monk)                 Turns: 2608, Time: 00:04:49

Health: -5/47      AC:  5    Str: 15    XL:     5   Next: 61%
Magic:  4/4        EV: 11    Int:  7    God:    Jiyva [***...]
Gold:   91         SH:  0    Dex: 10    Spells: 4/4 levels left

rFire   . . .      SeeInvis .     - Unarmed
rCold   + . .      Faith    .   (no shield)
rNeg    + + +      Spirit   .   h - +0 ring mail
rPois   ∞          Reflect  .   (no helmet)
rElec   .          Harm     .   (no cloak)
rCorr   +          Rampage  .   (no gloves)
Will    .....                   (no boots)
Stlth   ++........              (no amulet)
HPRegen 0.00/turn               (no ring)
MPRegen 0.09/turn               (no ring)

@: inhibited regen
A: claws 1, cold resistance 1, negative energy resistance 3, inhibited
regeneration, torment resistance 2
a: Renounce Religion, Request Jelly


You were on level 3 of the Dungeon.
You worshipped Jiyva.
Jiyva was most pleased with you.
You visited 1 branch of the dungeon, and saw 3 of its levels.

You collected 91 gold pieces.


Innate Abilities, Weirdness & Mutations

You thrive by killing the living.
You are immune to poison.
You have sharp fingernails.
Your flesh is cold resistant. (rC+)
You are immune to negative energy. (rN+++)
You do not regenerate when monsters are visible.
You are immune to unholy pain and torment.


   Skills:
 + Level 4.7 Fighting
 - Level 3.0 Dodging
 - Level 4.0 Stealth
 + Level 4.6 Unarmed Combat


You had 4 spell levels left.
You didn't know any spells.
Your spell library was empty.

Inventory:

Hand Weapons
 s - a +0 dagger {short}
   (You took it off an orc on level 3 of the Dungeon)
Missiles
 f - 10 poisoned darts (quivered) {throwing}
 j - 5 javelins {throwing}
 k - 7 stones {throwing}
 n - 36 arrows
Armour
 a - a +0 robe
 h - a +0 ring mail (worn)
   (You found it on level 1 of the Dungeon)
Scrolls
 b - a scroll of enchant armour {unknown}
 c - 3 scrolls of teleportation {unknown}
 d - 2 scrolls of identify {unknown}
 e - a scroll of blinking {unknown}
 g - a scroll of summoning {unknown}
 m - a scroll of magic mapping {unknown}
 r - a scroll of enchant weapon {unknown}
Potions
 i - a potion of curing {@q1}
 l - a potion of might {unknown}
 o - a potion of heal wounds {unknown}
 p - 2 potions of mutation {unknown}
 q - a potion of magic {unknown}

Dungeon Overview and Level Annotations

Branches:
Dungeon (3/15)

Altars:
Sif Muna
Jiyva

.####### ..# #...... #.#
#.#.... #.# #.##.## #.#
#.#.#.... #.# #.#.#..##
##########.#####.#......
......Z.......>#.#......
.......@.......#.#.[....
##########...#.#.#......
#####..)#.#.#......
........#.#.#......
######......#......
#.................
#.###........#....
.........#.#....
..#.......#......


You could see a hornet zombie.


Message History

A hobgoblin comes into view.
A hobgoblin is nearby!
The helpless hobgoblin fails to defend itself.
You claw the hobgoblin!
You kill the hobgoblin!
No target in view!
No target in view!
n - 36 arrows (gained 10) Jessica the Apprentice Sorceress comes into view.
She is wielding a +4 dagger of electrocution.
Jessica shouts!
Jessica gestures wildly while chanting.
Jessica seems to speed up.
You scratch Jessica.
Jessica hits you with a +4 dagger of electrocution!
You are electrocuted! 😮 HP[-19]
You take 19 damage, and now have 28/47 hp.
MASSIVE DAMAGE!! (PAUSE)
You claw Jessica!
You kill Jessica!
Training target 4.0 for Stealth reached!
Your Stealth skill increases to level 4!
Things that are here:
a +4 dagger of electrocution {short}; a +0 robe; the human corpse of Jessica You start resting.
You hear a series of splatters.
You hear a distant slurping noise. x4
Jiyva appreciates your sacrifice.
You hear a distant slurping noise.
You hear a squelching noise.
You hear a distant slurping noise.
You hear a squelching noise.
You hear a distant slurping noise. x6
Jiyva appreciates your sacrifice. x3
You hear a distant slurping noise. 😎 HP[+19]
Your hp is fully restored (47).
Unknown command.
Found a stone staircase leading down.
A goblin comes into view. It is wielding a +0 dagger.
The helpless goblin fails to defend itself.
You claw the goblin!
You kill the goblin!
No target in view!
A hornet zombie comes into view.
Things that are here:
a +0 dagger {short}; a goblin corpse A hornet zombie is nearby!
The helpless hornet zombie fails to defend itself.
You scratch the hornet zombie. The hornet zombie hits you. 😕 HP[-4]
You take 4 damage, and now have 43/47 hp.
You scratch the hornet zombie. The hornet zombie closely misses you.
Your ring mail prevents you from hitting the hornet zombie.
The hornet zombie barely misses you. The hornet zombie hits you. 😕 HP[-4]
You take 4 damage, and now have 39/47 hp.
You barely miss the hornet zombie. The hornet zombie barely misses you.
Unknown command.
You scratch the hornet zombie but do no damage.
The hornet zombie hits you. 😕 HP[-2]
You take 2 damage, and now have 37/47 hp.
You scratch the hornet zombie. The hornet zombie hits you. 😮 HP[-2]
You take 2 damage, and now have 35/47 hp.
You barely miss the hornet zombie.
The hornet zombie hits you but does no damage.
You claw the hornet zombie! The hornet zombie misses you.
The hornet zombie hits you. 😮 HP[-3]
You take 3 damage, and now have 32/47 hp.
Unknown command.
You scratch the hornet zombie but do no damage.
The hornet zombie hits you. 😮 HP[-3]
You take 3 damage, and now have 29/47 hp.
You scratch the hornet zombie. The hornet zombie hits you.
* * * LOW HITPOINT WARNING * * *
😨 HP[-6]
You take 6 damage, and now have 23/47 hp.
You claw the hornet zombie! The hornet zombie closely misses you.
Unknown command.
You claw the hornet zombie! The hornet zombie hits you.
* * * LOW HITPOINT WARNING * * *
😨 HP[-3]
You take 3 damage, and now have 20/47 hp.
Unknown command.
You barely miss the hornet zombie. The hornet zombie hits you!
* * * LOW HITPOINT WARNING * * *
The hornet zombie hits you but does no damage. 😱 HP[-11]
You take 11 damage, and now have 9/47 hp.
MASSIVE DAMAGE!! (PAUSE)
You scratch the hornet zombie. The hornet zombie misses you.
You closely miss the hornet zombie. The hornet zombie hits you.
* * * LOW HITPOINT WARNING * * *
😱 HP[-4]
You take 4 damage, and now have 5/47 hp.
Unknown command.
You scratch the hornet zombie. The hornet zombie hits you!
You die...

Skill      XL: |  1  2  3  4  5 |
---------------+----------------+-----
Dodging        | 3 |  3.0
Stealth        | 3 4 |  4.0
Fighting       | 4 |  4.7
Unarmed Combat | 4 |  4.6

Action                   |  1- 3 |  4- 6 || total
-------------------------+-------+-------++-------
Melee: Unarmed           |   110 |    75 ||   185
Throw: Dart              |     8 |       ||     8
 Stab: Sleeping          |     2 |     5 ||     7
Armor: Robe              |    12 |       ||    12
       Ring mail         |    28 |    19 ||    47
Dodge: Dodged            |    66 |    32 ||    98

Levels and vault maps discovered:
D:1:      dpeg_arrival_simpleton_c, layout_rooms
D:2:      kennysheep_the_goblin_king, layout_basic, basic_altar,
          ebering_ecumenical_altar_abandoned, uniq_natasha
D:3:      cheibrodos_pilgrimage, layout_basic, uniq_terence, uniq_sigmund,
          uniq_jessica

Notes
Turn   | Place    | Note
-------+----------+-------------------------------------------
     0 | D:1      | Sobieck the Ghoul Monk began the quest for the Orb.
     0 | D:1      | Reached XP level 1. HP: 19/19 MP: 0/0
     0 | D:1      | magus.rc [v1.9.6]
   130 | D:1      | Reached XP level 2. HP: 26/26 MP: 1/1
   433 | D:1      | Reached skill level 3 in Dodging
   501 | D:1      | Reached XP level 3. HP: 26/31 MP: 2/2
   950 | D:2      | Found a faded altar of an unknown god.
   968 | D:2      | Reached skill level 3 in Stealth
   979 | D:2      | Became a worshipper of Jiyva Jinkiunt the Shapeless
   979 | D:2      | Reached * piety under Jiyva
   979 | D:2      | Reached ** piety under Jiyva
  1077 | D:2      | Noticed Natasha
  1111 | D:2      | Reached *** piety under Jiyva
  1113 | D:2      | Killed Natasha
  1114 | D:2      | Reached skill level 4 in Fighting
  1114 | D:2      | Reached skill level 4 in Unarmed Combat
  1114 | D:2      | Reached XP level 4. HP: 20/40 MP: 3/3
  1132 | D:2      | Noticed Natasha
  1295 | D:2      | Killed Natasha
  1538 | D:2      | Found a shimmering blue altar of Sif Muna.
  1567 | D:2      | Noticed Ijyb
  1587 | D:2      | Reached XP level 5. HP: 45/46 MP: 4/4
  1603 | D:2      | HP: 10/46 [Ijyb/bolt of acid (12)]
  1606 | D:2      | Noticed Natasha
  1609 | D:2      | Killed Ijyb
  1711 | D:2      | Killed Natasha
  2401 | D:3      | Noticed Jessica
  2406 | D:3      | Killed Jessica
  2407 | D:3      | Reached skill level 4 in Stealth
  2521 | D:3      | Killed Terence
  2605 | D:3      | HP: 9/47 [hornet zombie (11)]
  2608 | D:3      | Slain by a hornet zombie

Vanquished Creatures
  An orc priest (D:3)
  Jessica (D:3)
  Natasha (twice) (D:2)
  An adder (D:2)
  A dart slug (D:1)
  3 orcs (D:3)
  2 bats
  5 endoplasms
  2 giant cockroaches
  8 goblins
  5 hobgoblins
  8 jackals
  2 quokkas
  4 ball pythons
  4 frilled lizards
  4 kobolds
  7 rats
60 creatures vanquished.

Vanquished Creatures (others)
  A jelly (D:3)
  Ijyb (D:2)
  Natasha (D:2)
  Terence (D:3)
  A worm (D:2)
  A dart slug (D:3)
  2 endoplasms
  2 orcs (D:3)
  A kobold (D:2)
  A frilled lizard (D:2)
12 creatures vanquished.

Grand Total: 72 creatures vanquished

Table legend:
 A = Non-vault XP
 B = Vault XP
 C = Vault XP percentage of total XP
 D = Non-vault monster count
 E = Vault monster count
 F = Vault count percentage of total count
                 A         B        C        D         E       F
            +---------+---------+-------+---------+---------+-------
      Total |     128 |     132 |  50.8 |      48 |      12 |  20.0
            +---------+---------+-------+---------+---------+-------
        D:1 |      46 |       0 |   0.0 |      26 |       0 |   0.0
        D:2 |      76 |      46 |  37.7 |      18 |       7 |  28.0
        D:3 |       6 |      86 |  93.5 |       4 |       5 |  55.6
            +---------+---------+-------+---------+---------+-------

Illustrated notes

Table legend:
 A = Kills in this place as a percentage of kills in entire the game.
 B = Kills by you in this place as a percentage of kills by you in the entire game.
 C = Kills by friends in this place as a percentage of kills by friends in the entire game.
 D = Other kills in this place as a percentage of other kills in the entire game.
 E = Experience gained in this place as a percentage of experience gained in the entire game.
 F = Experience gained in this place divided by the number of levels of this place that you have seen.
                   A       B       C       D       E      F
               +-------+-------+-------+-------+-------+----------------------
         Total | 100.0 | 100.0 |   N/A |   N/A | 100.0 |  86.7
       Dungeon | 100.0 | 100.0 |   N/A |   N/A | 100.0 |  86.7
               +-------+-------+-------+-------+-------+----------------------

Table legend: (Time is in decaauts)
 A = Elapsed time spent in this place.
 B = Non-inter-level travel time spent in this place.
 C = Inter-level travel time spent in this place.
 D = Time resting spent in this place.
 E = Time spent auto-exploring this place.
 F = Levels seen in this place.
 G = Mean time per level.
                   A        B        C        D        E       F      G
               +--------+--------+--------+--------+--------+-----+--------+
         Total |   2598 |   2521 |     77 |   1044 |    944 |   3 |  866.0 |
       Dungeon |   2598 |   2521 |     77 |   1044 |    944 |   3 |  866.0 |
               +--------+--------+--------+--------+--------+-----+--------+

Top non-repeatable levels by time:
     D:2: 1159 daAuts
     D:1: 1007 daAuts
     D:3: 430 daAuts
